 Dungeon Crawl Stone Soup version 0.21.1-1-g345015f (webtiles) character file.

524 Matador8 the Spear-Bearer (level 7, 0/50 HPs)
             Began as a Merfolk Skald on Apr 21, 2018.
             Was an Initiate of Nemelex Xobeh.
             Slain by a gnoll (6 damage)
             ... on level 3 of the Dungeon.
             The game lasted 00:38:59 (4555 turns).

Matador8 the Spear-Bearer (Merfolk Skald)           Turns: 4555, Time: 00:39:01

Health: 0/50       AC:  4    Str: 11    XL:     7   Next: 22%
Magic:  10/10      EV: 12    Int: 15    God:    Nemelex Xobeh [......]
Gold:   175        SH:  0    Dex: 13    Spells: 4/10 levels left

rFire    . . .     SeeInvis .   a - +0 spear
rCold    . . .     Gourm    .   (no shield)
rNeg     . . .     Faith    .   b - +0 leather armour
rPois    .         Spirit   .   j - +0 helmet
rElec    .         Reflect  .   (no cloak)
rCorr    .         Harm     .   (no gloves)
MR       .....                  (no boots)
Stlth    +.........             (no amulet)
HPRegen  0.16/turn              (no ring)
MPRegen  0.12/turn              (no ring)

@: no status effects
A: change form in water, swift swim, stealthy swim
a: Renounce Religion


You were on level 3 of the Dungeon.
You worshipped Nemelex Xobeh.
Nemelex Xobeh was noncommittal.
You were hungry.

You visited 1 branch of the dungeon, and saw 4 of its levels.
You also visited: Sewer.

You collected 175 gold pieces.

Inventory:

Hand Weapons
 a - a +0 spear (weapon)
 r - a +1 dagger of flaming
 w - a +0 vampiric spear
Armour
 b - a +0 leather armour (worn)
 j - a +0 helmet (worn)
 q - a +0 ring mail
Jewellery
 z - a +5 ring of strength {unknown}
Wands
 k - a wand of iceblast (4)
 p - a wand of enslavement (7)
 A - a wand of random effects (15)
Scrolls
 e - 2 scrolls of fog {unknown}
 g - 4 scrolls of remove curse {unknown}
 h - 4 scrolls of teleportation {unknown}
 i - 2 scrolls of immolation {unknown}
 o - a scroll of identify {unknown}
 s - a scroll of enchant armour {unknown}
 t - a scroll of blinking {unknown}
 u - a scroll of random uselessness {unknown}
 x - a scroll of magic mapping {unknown}
 C - a scroll of fear {unknown}
Potions
 l - a potion of heal wounds {unknown}
 n - a potion of ambrosia {unknown}
 v - a potion of might
 B - a potion of curing {unknown}
Books
 c - a book of Battle

   Spells                             Type                      Level
   a - Infusion                       Charms                       1
   b - Shroud of Golubria             Charms/Translocation         2
   c - Song of Slaying                Charms                       2
   d - Spectral Weapon                Hexes/Charms                 3
   e - Regeneration                   Charms/Necromancy            3
 m - a book of Changes

   Spells                             Type                      Level
   a - Beastly Appendage              Transmutation                1
   b - Sticks to Snakes               Transmutation                2
   c - Spider Form                    Transmutation/Poison         3
   d - Ice Form                       Ice/Transmutation            4
   e - Blade Hands                    Transmutation                5
Miscellaneous
 y - a plain deck of destruction {drawn: 1}
Comestibles
 d - 9 rations
 f - 2 chunks of flesh


   Skills:
 - Level 2.1 Fighting
 * Level 8.6 Polearms
 - Level 0.6 Armour
 - Level 2.6 Dodging
 - Level 2.3 Spellcasting
 - Level 2.2 Hexes
 - Level 5.1 Charms
 + Level 1.0 Invocations


You had 4 spell levels left.
You knew the following spells:

 Your Spells              Type           Power        Failure   Level  Hunger
a - Infusion              Chrm           ###.         3%          1    #......
b - Shroud of Golubria    Chrm/Tloc      #.........   16%         2    ###....
c - Spectral Weapon       Hex/Chrm       ##......     19%         3    ###....


Dungeon Overview and Level Annotations

Branches:
Dungeon (4/15)
 Temple: D:4-7

Altars:
Kikubaaqudgha
Nemelex Xobeh
Qazlal
Sif Muna
Wu Jian
The Shining One

Annotations:
D:3 baljet's ghost, amateur MfSk


Message History

The gnoll hits you!
The gnoll barely misses your spectral weapon.
The gnoll hits you but does no damage.
You see here 2 tomahawks.
You see here a tomahawk.
You see here a tomahawk.
Your spectral weapon fades away.
Baljet's ghost says, "Your head on a pike would complement this floor nicely."
There is a stone staircase leading down here.
You climb downwards.
The gnoll hits you with a flail! x2
* * * LOW HITPOINT WARNING * * *
There is a stone staircase leading up, spattered with blood here.
The orc hits you from afar with a trident.
* * * LOW HITPOINT WARNING * * *
The gnoll barely misses you.
You climb upwards.
Level annotation: baljet's ghost, amateur MfSk The gnoll hits you.
You die...
Your body disappears without a glow.

...)....##..........####.....o#(.
...ggo>......##...............#gg
...o...#....###....#####.....(#..
.#.#####......................#..
.#.##......##......#######.......
.#.#..........#....# ###....)..#.
..!...............####...#...###o
.................g##...#.........
.....##....####g@..W.............
...........## #o#g#..#.#########.
##..#####..g###.#.#....# ##>## ##
#..## ##..g..........##8...8#
..## ###....#......##.....### )##
###..#......#_....._#. .#
#########...........##.....###
.###.........#.........##8...8# #
.......................##.....##


You could see baljet's ghost, 3 gnolls and an orc.

Vanquished Creatures
  Crazy Yiuf (D:2)
  Ijyb (D:3)
  A worker ant (D:3)
  Robin (D:2)
  6 gnolls
  6 adders
  A river rat (D:3)
  17 oozes
  A worm (D:2)
  3 dart slugs
  14 leopard geckos
  4 orcs
  12 ball pythons
  5 bats
  20 giant cockroaches
  23 goblins
  11 hobgoblins
  7 jackals
  7 kobolds
  2 quokkas (D:2)
  23 frilled lizards
  12 rats
178 creatures vanquished.

Vanquished Creatures (collateral kills)
  A giant cockroach (D:3)
  A hobgoblin (D:3)
2 creatures vanquished.

Vanquished Creatures (others)
  A bullfrog (D:3)
  A spectral weapon (D:3)
2 creatures vanquished.

Grand Total: 182 creatures vanquished

Notes
Turn   | Place    | Note
-------+----------+-------------------------------------------
     0 | D:1      | Matador8 the Merfolk Skald began the quest for the Orb.
     0 | D:1      | Reached XP level 1. HP: 16/16 MP: 3/3
    58 | D:1      | Reached XP level 2. HP: 14/22 MP: 5/5
   207 | D:1      | Reached skill level 4 in Polearms
   264 | D:1      | Found a glowing golden altar of the Shining One.
   307 | D:1      | Reached XP level 3. HP: 14/27 MP: 2/6
   318 | D:1      | Learned a level 2 spell: Shroud of Golubria
   322 | D:1      | Learned a level 3 spell: Spectral Weapon
   691 | D:2      | Noticed Robin
   959 | D:1      | Reached skill level 5 in Polearms
  1021 | D:1      | Reached XP level 4. HP: 24/33 MP: 2/7
  1208 | D:2      | Killed Robin
  1208 | D:2      | Reached skill level 1 in Hexes
  1471 | D:2      | Found a runed door.
  1537 | D:2      | Noticed Crazy Yiuf
  1543 | D:2      | Killed Crazy Yiuf
  1543 | D:2      | Reached XP level 5. HP: 24/38 MP: 1/8
  1852 | D:3      | Reached skill level 6 in Polearms
  1912 | D:3      | Noticed baljet's ghost (amateur MfSk)
  2001 | D:3      | Found a glowing drain.
  2060 | Sewer    | Entered a sewer
  2287 | Sewer    | Reached XP level 6. HP: 26/44 MP: 0/9
  2612 | Sewer    | Reached skill level 7 in Polearms
  2814 | Sewer    | Reached skill level 5 in Charms
  3533 | D:3      | Reached skill level 8 in Polearms
  3603 | D:3      | Found a stormy altar of Qazlal.
  3605 | D:3      | Found an ancient bone altar of Kikubaaqudgha.
  3622 | D:3      | Reached XP level 7. HP: 50/50 MP: 7/10
  3641 | D:3      | Found a deep blue altar of Sif Muna.
  3643 | D:3      | Found an ornate altar of the Wu Jian Council.
  3768 | D:3      | Found a sparkling altar of Nemelex Xobeh.
  3774 | D:3      | Became a worshipper of Nemelex Xobeh the Trickster
  3931 | D:3      | Received a gift from Nemelex Xobeh
  4047 | D:3      | Noticed Ijyb
  4078 | D:3      | Killed Ijyb
  4332 | D:3      | Reached skill level 1 in Invocations
  4555 | D:3      | Slain by a gnoll

Skill      XL: |  1  2  3  4  5  6  7 |
---------------+----------------------+-----
Polearms       | 4 5 6 8 |  8.6
Charms         | 4 5 |  5.1
Hexes          | 1 2 |  2.2
Invocations    | 1 |  1.0
Fighting       | |  2.1
Armour         | |  0.6
Dodging        | |  2.6
Spellcasting   | |  2.3

Action                   |  1- 3 |  4- 6 |  7- 9 || total
-------------------------+-------+-------+-------++-------
Melee: Spear             |   138 |   407 |    94 ||   639
       Tailslap          |       |    16 |       ||    16
 Cast: Infusion          |     7 |    24 |     5 ||    36
       Shroud of Golubri |     1 |     2 |     2 ||     5
       Spectral Weapon   |       |     5 |     7 ||    12
Evoke: Wand              |       |     3 |       ||     3
       Deck              |       |       |     1 ||     1
 Stab: Sleeping          |       |     2 |       ||     2
       Betrayed ally     |       |     1 |       ||     1
  Eat: Chunk             |     1 |    10 |     3 ||    14
Armor: Leather armour    |    31 |    74 |    21 ||   126
Dodge: Dodged            |    79 |   178 |    65 ||   322
